 Dungeon Crawl Stone Soup version 0.27.0-1-g7a089689b8 (webtiles) character file.

Game seed: 1328903894268711027

474 jamesdean20 the Slasher (level 6, -4/48 (53) HPs)
             Began as a Minotaur Fighter on Aug 7, 2021.
             Was an Initiate of the Shining One.
             Slain by a wight (6 damage)
             ... on level 4 of the Dungeon.
             The game lasted 00:17:24 (2657 turns).

jamesdean20 the Slasher (Minotaur Fighter)          Turns: 2657, Time: 00:17:27

HP:   -4/48 (53)    AC:  8    Str: 22    XL:     6   Next: 84%
MP:   5/5           EV:  8    Int:  5    God:    the Shining One [......]
Gold: 135           SH: 10    Dex: 10    Spells: 5/5 levels left

rFire    . . .     SeeInvis .   a - +0 long sword
rCold    + . .     Faith    .   c - +0 kite shield
rNeg     . . .     Spirit   .   b - +0 scale mail
rPois    .         Reflect  .   (helmet restricted)
rElec    .         Harm     .   (no cloak)
rCorr    .         Rampage  .   v - +0 pair of gloves
Will     .....                  (no boots)
Stlth    ..........             s - amulet of regeneration
HPRegen  1.16/turn              e - ring of protection from cold
MPRegen  0.09/turn              m - ring of flight

@: flying, glowing, drained
A: horns 2, retaliatory headbutt
a: Renounce Religion


You were on level 4 of the Dungeon.
You worshipped the Shining One.
The Shining One was noncommittal.
You visited 1 branch of the dungeon, and saw 4 of its levels.

You collected 135 gold pieces.

Inventory:

Hand Weapons
 a - a +0 long sword (weapon)
Armour
 b - a +0 scale mail (worn)
 c - a +0 kite shield (worn)
 v - a +0 pair of gloves (worn)
Jewellery
 e - a ring of protection from cold (left hand)
 m - a ring of flight (right hand)
 s - an amulet of regeneration (around neck)
Wands
 p - a wand of flame (9)
 w - a wand of iceblast (11)
Scrolls
 h - a scroll of immolation
 i - 2 scrolls of enchant weapon
 j - 2 scrolls of fog
 k - 2 scrolls of teleportation
 n - a scroll of brand weapon {unknown}
 q - 3 scrolls of amnesia
Potions
 d - 4 potions of might
 f - a potion of berserk rage {unknown}
 g - a potion of invisibility {unknown}
 o - 2 potions of resistance {unknown}
 r - a potion of heal wounds {unknown}
 t - a potion of mutation {unknown}
 x - a potion of attraction {unknown}


   Skills:
 + Level 4.6 Fighting
 + Level 5.8 Long Blades
 + Level 5.5 Armour
 + Level 1.7 Dodging
 + Level 5.1 Shields


You had 5 spell levels left.
You didn't know any spells.
Your spell library was empty.

Dungeon Overview and Level Annotations

Branches:
Dungeon (4/15)
 Temple: D:4-7

Altars:
The Shining One

Shops:
D:2 :


Innate Abilities, Weirdness & Mutations

You have a pair of horns on your head.
You reflexively headbutt those who attack you in melee.


Message History

You headbutt the wight, but do no damage.
The wight is moderately damaged.
You block the wight's attack. x2; The wight closely misses you.
The wight hits you from afar with a +3 spear.
You feel drained. The wight barely misses you.
You closely miss the wight.
The wight is moderately damaged.
The wight hits you but does no damage. You block the wight's attack. x2
The wight hits you but does no damage.
You barely miss the wight. Your headbutt misses the wight.
The wight is moderately damaged.
The wight barely misses you. The wight hits you with a +4 war axe!
You feel drained. You block the wight's attack.
You hit the wight but do no damage. Your headbutt misses the wight.
The wight is moderately damaged.
You block the wight's attack. The wight hits you with a +4 war axe!
* * * LOW HITPOINT WARNING * * *
The wight hits you with a +2 dagger.
* * * LOW HITPOINT WARNING * * *
You block the wight's attack.
You closely miss the wight. Your headbutt misses the wight.
The wight is moderately damaged.
You block the wight's attack. The wight hits you but does no damage.
The wight barely misses you. x2; You block the wight's attack.
You hit the wight but do no damage.
The wight is moderately damaged.
The wight hits you from afar with a +3 spear.
* * * LOW HITPOINT WARNING * * *
The wight hits you with a +4 war axe.
* * * LOW HITPOINT WARNING * * *
The wight hits you with a +2 dagger.
* * * LOW HITPOINT WARNING * * *
You feel drained.
Aiming: Throw Flame
Press: ? - help, Shift-Dir - straight line, f - wight
Aim: a wight, wielding a +3 spear and wearing a +0 robe (68% to hit)
The puff of flame hits the wight.
The wight is lightly damaged.
You block the wight's attack. The wight hits you with a +4 war axe.
You die...

.........####...##.#
#.......## ##.###.#
##.<...## ### #.#
##...## ###.# ##+##
#...# #.# #.###
#.### #.#
##...#########z#
##..#........zz@#
#.....###########
###...#####
#.........#
#.##..###.# .....z#
#.# #.##z## #.#
#.##.####.#
#.........#


You could see 3 wights.

Vanquished Creatures
  Sigmund (D:2)
  2 ogres
  2 hounds (D:4)
  An iguana (D:4)
  3 adders (D:3)
  A worm (D:4)
  A dart slug (D:1)
  8 endoplasms
  6 giant cockroaches
  4 goblins
  3 hobgoblins
  2 quokkas
  5 ball pythons
  7 bats
  A frilled lizard (D:3)
  3 kobolds
  7 rats
57 creatures vanquished.

Vanquished Creatures (others)
  2 fungi (D:4)
2 creatures vanquished.

Grand Total: 59 creatures vanquished

Notes
Turn   | Place    | Note
-------+----------+-------------------------------------------
     0 | D:1      | jamesdean20 the Minotaur Fighter began the quest for the
                  | Orb.
     0 | D:1      | Reached XP level 1. HP: 19/19 MP: 0/0
   140 | D:1      | Reached XP level 2. HP: 27/27 MP: 1/1
   750 | D:2      | Reached XP level 3. HP: 33/33 MP: 2/2
   771 | D:2      | Noticed an ogre
   774 | D:2      | Killed an ogre
   775 | D:2      | Reached XP level 4. HP: 41/41 MP: 3/3
   909 | D:2      | Found Zomeph's Book Boutique.
   917 | D:2      | Noticed Sigmund
   938 | D:2      | Killed Sigmund
   939 | D:2      | Reached skill level 5 in Long Blades
   939 | D:2      | Reached skill level 5 in Armour
   939 | D:2      | Reached skill level 1 in Dodging
   939 | D:2      | Reached XP level 5. HP: 24/47 MP: 4/4
  1543 | D:3      | Reached XP level 6. HP: 53/53 MP: 5/5
  2466 | D:4      | Reached skill level 5 in Shields
  2472 | D:4      | Found the +2 hat of the Bear Spirit {Spirit, +Rage rN+
                  | Will++}
  2473 | D:4      | Found a glowing golden altar of the Shining One.
  2488 | D:4      | Became a worshipper of the Shining One
  2656 | D:4      | HP: 2/50 [wight (1)]
  2657 | D:4      | Slain by a wight

Illustrated notes

Levels and vault maps discovered:
D:1:      erik_arrival_orb_chamber, layout_basic
D:2:      minmay_door_path, layout_basic, serial_shops, shop, uniq_sigmund
D:3:      layout_loops_corners
D:4:      layout_loops_corners, mainiacjoe_overflow_alcove_4,
          lemuel_crystal_altar

Skill      XL: |  1  2  3  4  5  6 |
---------------+-------------------+-----
Fighting       | 4 |  4.6
Armour         | 4 5 |  5.5
Long Blades    | 3 5 |  5.8
Shields        | 4 5 |  5.1
Dodging        | 1 |  1.7

Action                   |  1- 3 |  4- 6 || total
-------------------------+-------+-------++-------
Melee: Long sword        |    51 |    87 ||   138
       Headbutt          |    14 |    19 ||    33
Evoke: Wand              |       |     1 ||     1
  Use: Scroll            |     2 |     4 ||     6
Armor: Scale mail        |    32 |    25 ||    57
Dodge: Dodged            |    21 |    24 ||    45
Block: Kite shield       |    39 |    43 ||    82
       Rpst.: Long sword |     9 |     7 ||    16
